 Dungeon Crawl Stone Soup version 0.27.1-33-g824d729ab1 (webtiles) character file.

Game seed: 13937844226735548883

907143 hilljack the Cryomancer (level 27, -3/181 HPs)
             Began as a Gargoyle Ice Elementalist on Dec 5, 2021.
             Was the Champion of Qazlal.
             Killed from afar by a Hell Sentinel (42 damage)
             ... with damnation
             ... on level 7 of the Iron City of Dis on Dec 8, 2021.
             The game lasted 05:36:48 (88454 turns).

hilljack the Cryomancer (GrIE)                     Turns: 88454, Time: 05:36:49

Health: -3/181     AC: 57    Str:  9    XL:     27
Magic:  34/42      EV: 21    Int: 40    God:    Qazlal [******]
Gold:   6671       SH: 29    Dex: 17    Spells: 10/56 levels left

rFire    + . .     SeeInvis +   a - +5 broad axe "Suog" {vorpal, rF+ rCorr}
rCold    + + +     Faith    .   p - +5 kite shield {reflect}
rNeg     + + +     Spirit   .   D - +5 faerie dragon scales {rN+ Will+ rCorr Slay+2}
rPois    ∞         Reflect  +   e - +2 hat of Disaster {+Blink rC- rN+ Int+3}
rElec    +         Harm     .   z - +4 dragonskin cloak
rCorr    +         Rampage  +   P - +2 pair of gloves "Wiesch" {Rampage rF+ Will-}
Will     +++..                  M - +2 pair of boots
Stlth    +.........             Q - amulet of Wuytrawut {rC+++ Regen+ Str-3 Dex+4 Stlth-}
HPRegen  1.40/turn              Y - ring "Loepnany" {Ice rElec Int+3 Dex+3 SInv}
MPRegen  0.28/turn              J - ring of Kiacuga {Will+ Int+7}

@: in a vortex, protected from physical damage, flying, studying 2 skills, repel
missiles
A: sickness immunity, AC +20, big wings, negative energy resistance 1,
electricity resistance, torment resistance 1, petrification resistance,
iridescent scales 1, passive freeze, weak 1, subdued magic 2, noise suppression
}: 6/15 runes: barnacled, slimy, silver, obsidian, abyssal, gossamer
a: Renounce Religion, Evoke Blink, Upheaval, Elemental Force, Disaster Area


You were on level 7 of the Iron City of Dis.
You worshipped Qazlal.
Qazlal was exalted by your worship.
You visited 15 branches of the dungeon, and saw 69 of its levels.
You visited the Abyss 6 times.
You visited 1 bazaar.
You also visited: Trove, Bailey and Gauntlet.

You collected 12914 gold pieces.
You spent 6243 gold pieces at shops.

Inventory:

Hand Weapons
 a - the +5 broad axe "Suog" (weapon) {vorpal, rF+ rCorr}
   (You took it off a deep elf death mage on level 3 of the Elven Halls)

   It inflicts extra damage upon your enemies.
   rF:        It protects you from fire.
   rCorr:     It protects you from acid and corrosion.
 h - the +7 sceptre of Asmodeus
   (You took it off Asmodeus on level 7 of Gehenna)

   It can be evoked to summon fiery demons, with success rate depending on
   Evocations skill.
   Those summoned this way will remain friendly only for a limited time.
Missiles
 i - 11 throwing nets
Armour
 e - the +2 hat of Disaster (worn) {+Blink rC- rN+ Int+3}
   (You bought it in a shop in a bazaar)

   Int:       It affects your intelligence (+3).
   rC:        It makes you vulnerable to cold.
   rN:        It protects you from negative energy.
   +Blink:    It lets you blink.
 p - a +5 kite shield of reflection (worn)
 t - the +1 cloak of the Ecumenical Temple {Regen+ Str+4 Dex-2}
   (You found it in a Gauntlet)

   Str:       It affects your strength (+4).
   Dex:       It affects your dexterity (-2).
   Regen:     It increases your rate of health regeneration.
 z - the +4 dragonskin cloak (worn)
   (You took it off Tiamat on level 1 of the Realm of Zot)

   It grants the wearer a chance to resist fire, cold, poison, electricity,
   acid, and negative energy.
 D - the +5 faerie dragon scales (worn) {rN+ Will+ rCorr Slay+2}
   (You took it off the Enchantress on level 2 of the Depths)

   Slay:      It affects your accuracy & damage with ranged weapons and melee
   (+2).
   rN:        It protects you from negative energy.
   rCorr:     It protects you from acid and corrosion.
   Will:      It increases your willpower.
 M - a +2 pair of boots (worn)
 P - the +2 pair of gloves "Wiesch" (worn) {Rampage rF+ Will-}
   (You found it on level 2 of the Abyss)

   rF:        It protects you from fire.
   Rampage:   It bestows one free step when moving towards enemies.
   Will:      It decreases your willpower.
Jewellery
 J - the ring of Kiacuga (right hand) {Will+ Int+7}
   (You bought it in a shop on level 1 of the Vaults)

   [ring of willpower]

   Int:       It affects your intelligence (+7).
   Will:      It increases your willpower.
 K - the amulet of Bolaep {RegenMP -Tele Rampage rF+ rN+++}
   (You took it off a balrug on level 5 of the Abyss)

   [amulet of magic regeneration]

   It increases your rate of magic regeneration.
   rF:        It protects you from fire.
   rN:        It renders you almost immune to negative energy.
   -Tele:     It prevents most forms of teleportation.
   Rampage:   It bestows one free step when moving towards enemies.
 Q - the amulet of Wuytrawut (around neck) {rC+++ Regen+ Str-3 Dex+4 Stlth-}
   (You found it on level 3 of the Crypt)

   [amulet of regeneration]

   Str:       It affects your strength (-3).
   Dex:       It affects your dexterity (+4).
   rC:        It renders you almost immune to cold.
   Regen:     It increases your rate of health regeneration.
   Stlth:     It makes you less stealthy.
 Y - the ring "Loepnany" (left hand) {Ice rElec Int+3 Dex+3 SInv}
   (You found it on level 3 of the Elven Halls)

   [ring of ice]

   It enhances your ice magic.
   Int:       It affects your intelligence (+3).
   Dex:       It affects your dexterity (+3).
   rF:        It makes you vulnerable to fire.
   rC:        It protects you from cold.
   rElec:     It insulates you from electricity.
   SInv:      It lets you see invisible.
Wands
 g - a wand of flame (144)
 j - a wand of acid (13)
 k - a wand of mindburst (79)
 C - a wand of iceblast (101)
 E - a wand of digging (20)
Scrolls
 c - 4 scrolls of blinking
 d - a scroll of enchant weapon
 o - 21 scrolls of teleportation
 q - 12 scrolls of fog
 s - 5 scrolls of fear
 w - 3 scrolls of magic mapping
 A - 5 scrolls of immolation
 B - 3 scrolls of torment
 G - a scroll of holy word
 L - 3 scrolls of amnesia
 O - a scroll of summoning
Potions
 f - 7 potions of heal wounds
 l - 4 potions of berserk rage
 r - 6 potions of mutation
 u - 19 potions of curing
 v - 14 potions of ambrosia
 x - 5 potions of magic
 F - 10 potions of cancellation
 I - 5 potions of brilliance
 N - 4 potions of might
 R - 7 potions of attraction
 U - 2 potions of resistance
 V - a potion of haste
Miscellaneous
 b - the horn of Geryon
 m - a tin of tremorstones (2/2)
 n - a lightning rod (4/4)
 y - a phantom mirror


   Skills:
 - Level 20.8 Fighting
 - Level 17.8(18.0) Axes
 - Level 3.5(13.4) Maces & Flails
 - Level 19.0 Armour
 - Level 18.0 Dodging
 - Level 2.1 Stealth
 - Level 23.6 Shields
 - Level 15.0 Spellcasting
 - Level 20.2 Conjurations
 - Level 25.5 Ice Magic
 + Level 15.4 Air Magic
 - Level 10.0 Invocations
 - Level 12.0 Evocations


You had 10 spell levels left.
You knew the following spells:

 Your Spells              Type           Power      Damage    Failure   Level
a - Ozocubu's Refrigerat  Ice            60%        4d17      0%          7
b - Frozen Ramparts       Ice            100%       1d12      0%          3
c - Ozocubu's Armour      Ice            100%       N/A       0%          3
d - Freezing Cloud        Conj/Ice/Air   55%        6-21      0%          5
e - Polar Vortex          Ice            60%        N/A       2%          9
f - Orb of Destruction    Conj           44%        9d14      1%          7
g - Simulacrum            Ice/Necr       44%        N/A       1%          6
h - Metabolic Englaciati  Hex/Ice        44%        N/A       1%          5
q - Freeze                Ice            100%       1d11      0%          1

Your spell library contained the following spells:

 Spells                   Type           Power      Damage    Failure   Level
 Foxfire                  Conj/Fire      100%       2x1d9     0%          1
 Magic Dart               Conj           100%       1d8       0%          1
 Shock                    Conj/Air       100%       1d9       0%          1
 Ensorcelled Hibernation  Hex/Ice        100%       N/A       0%          2
 Searing Ray              Conj           100%       3d7       0%          2
 Static Discharge         Conj/Air       82%        N/A       0%          2
 Conjure Flame            Conj/Fire      62%        6-21      0%          3
 Dazzling Flash           Conj/Hex       100%       N/A       0%          3
 Mephitic Cloud           Conj/Pois/Air  67%        N/A       0%          3
 Stone Arrow              Conj/Erth      100%       3d13      0%          3
 Swiftness                Air            77%        N/A       0%          3
 Airstrike                Air            38%        N/A       0%          4
 Hailstorm                Conj/Ice       100%       3d20      0%          4
 Summon Ice Beast         Ice/Summ       89%        N/A       0%          4
 Iskenderun's Battlesphe  Conj           88%        2d14      0%          5
 Lightning Bolt           Conj/Air       41%        1d60      0%          5
 Animate Skeleton         Necr           36%        N/A       1%          1
 Apportation              Tloc           36%        N/A       1%          1
 Beastly Appendage        Tmut           36%        N/A       1%          1
 Corona                   Hex            20%        N/A       1%          1
 Pain                     Necr           72%        1d7       1%          1
 Sandblast                Erth           36%        2d10      1%          1
 Summon Small Mammal      Summ           72%        N/A       1%          1
 Blink                    Tloc           N/A        N/A       1%          2
 Passwall                 Tmut/Erth      15%        N/A       1%          2
 Poisonous Vapours        Pois/Air       100%       N/A       1%          2
 Wereblood                Tmut           18%        N/A       1%          2
 Fulminant Prism          Conj/Hex       31%        3d16      1%          4
 Iskenderun's Mystic Bla  Conj/Tloc      62%        2d13      1%          4
 Sticky Flame             Conj/Fire      62%        2d8       1%          4
 Summon Lightning Spire   Summ/Air       55%        N/A       1%          4
 Bolt of Magma            Conj/Fire/Erth 25%        4d12      1%          5
 Fireball                 Conj/Fire      31%        3d13      1%          5
 Irradiate                Conj/Tmut      31%        3d24      1%          5
 Silence                  Hex/Air        27%        N/A       1%          5
 Conjure Ball Lightning   Conj/Air       41%        3x3d13    1%          6
 Iron Shot                Conj/Erth      31%        9d6       1%          6
 Starburst                Conj/Fire      31%        6d9       1%          6
 Confusing Touch          Hex            18%        N/A       2%          3
 Gell's Gravitas          Tloc           9%         N/A       2%          3
 Ignite Poison            Fire/Tmut/Pois 18%        N/A       2%          3
 Inner Flame              Hex/Fire       18%        N/A       2%          3
 Lesser Beckoning         Tloc           9%         N/A       2%          3
 Portal Projectile        Hex/Tloc       36%        N/A       2%          3
 Spider Form              Tmut/Pois      9%         N/A       2%          3
 Summon Guardian Golem    Hex/Summ       18%        N/A       2%          3
 Teleport Other           Tloc           18%        N/A       2%          3
 Tukima's Dance           Hex            18%        N/A       2%          3
 Animate Armour           Summ/Erth      36%        N/A       10%         4
 Animate Dead             Necr           9%         N/A       10%         4
 Cause Fear               Hex            9%         N/A       10%         4
 Dispel Undead            Necr           18%        3d11      10%         4
 Leda's Liquefaction      Hex/Erth       9%         N/A       10%         4
 Passage of Golubria      Tloc           N/A        N/A       10%         4
 Petrify                  Tmut/Erth      18%        N/A       10%         4
 Agony                    Necr           18%        N/A       28%         5
 Blade Hands              Tmut           9%         N/A       28%         5
 Borgnjor's Vile Clutch   Necr/Erth      9%         N/A       28%         5
 Excruciating Wounds      Necr           9%         N/A       28%         5
 Lee's Rapid Deconstruct  Erth           9%         3d8*      28%         5
 Manifold Assault         Tloc           18%        N/A       28%         5
 Summon Forest            Summ/Tloc      9%         N/A       28%         5
 Summon Mana Viper        Hex/Summ       18%        N/A       28%         5
 Yara's Violent Unravell  Hex/Tmut       9%         3d6       28%         5
 Storm Form               Tmut/Air       27%        N/A       36%         7
 Chain Lightning          Conj/Air       41%        3d54      61%         9
 Death Channel            Necr           9%         N/A       87%         6
 Dispersal                Tloc           9%         N/A       87%         6
 Invisibility             Hex            9%         N/A       87%         6
 Shadow Creatures         Summ           N/A        N/A       87%         6
 Monstrous Menagerie      Summ           9%         N/A       100%        7
 Discord                  Hex            9%         N/A       100%        8
 Death's Door             Necr           9%         N/A       100%        9
 Fire Storm               Conj/Fire      31%        8d8       100%        9
 Shatter                  Erth           9%         3d11*     100%        9
 Sublimation of Blood     Necr           Unusable   N/A       N/A         2
 Statue Form              Tmut/Erth      Unusable   N/A       N/A         6

Dungeon Overview and Level Annotations

Branches:
Dungeon (15/15)            Temple (1/1) D:5            Lair (6/6) D:10
 Shoals (4/4) Lair:3       Spider (4/4) Lair:3        Slime (5/5) Lair:5
    Orc (2/2) D:9             Elf (3/3) Orc:2        Vaults (5/5) D:14
  Crypt (3/3) Vaults:2       Tomb (0/3) Crypt:3      Depths (5/5) D:15
   Hell (visited)             Dis (7/7) Hell            Geh (7/7) Hell
    Coc (0/7) Hell            Tar (0/7) Hell            Zot (4/5) Depths:5
 Bailey (visited)         Gauntlet (visited)

Altars:
Ashenzari
Cheibriados
Dithmenos
Elyvilon
Fedhas
Gozag
Hepliaklqana
Kikubaaqudgha
Makhleb
Nemelex Xobeh
Okawaru
Qazlal
Ru
Sif Muna
Trog
Uskayaw
Vehumet
Wu Jian
Xom
Yredelemnul
Zin
The Shining One
Beogh
Jiyva
Lugonu

Shops:
D:4 (   D:5 [[**   D:8 *[   D:9 [   D:15 *   Orc:1 [   Orc:2 =?([[   Elf:2 *
Shoals:4 *!   Vaults:1 =   Vaults:3 (*   Depths:4 ([

Portals:
Hell: Depths:1 Depths:2 Depths:3 Depths:4 Depths:5
Abyss: Shoals:2 Depths:1 Depths:3* Depths:4 Depths:5
Pandemonium: Depths:3 Depths:4
Ziggurat: Depths:1


Innate Abilities, Weirdness & Mutations

You are immune to sickness and miasma.
Your stone body is resilient. (AC +20)
You are immune to poison.
Your large and strong wings let you fly.
You resist negative energy. (rN+)
You are resistant to electric shocks. (rElec)
You are resistant to unholy torment.
You are immune to petrification.
You are partially covered in iridescent scales. (AC +2)
A frigid envelope surrounds you and freezes all who hurt you.
You are weak. (Str -2)
Your spells are easier to cast, but less powerful.
You passively dampen the noise of your surroundings.


Message History

The harpoon shot hits the iron giant!
The Ice Fiend calls on the powers of darkness!
Your body is wracked with pain!
The iron giant convulses!
You slash the Ice Fiend!
You kill the Ice Fiend!
Qazlal accepts your kill.
A Hell Sentinel comes into view.
The Hell Sentinel roars!
The iron giant fires a harpoon shot at you.
Your +5 kite shield of reflection reflects the harpoon shot!
The harpoon shot hits the iron giant!
You rampage towards the iron giant!
You hit the iron giant.
The iron giant is almost dead.
You hit the iron giant.
The iron giant is almost dead.
The iron giant hits you with a +0 giant club!!!
You feel more protected from physical attacks.
The iron giant resists.
The iron giant is very cold.
The iron giant is almost dead.
You are too injured to fight recklessly!
You are too injured to fight recklessly!
Casting: Ozocubu's Refrigeration (safe; 0% risk of failure)
Confirm with . or Enter, or press ? or * to list all spells.
You feel a surge of power!
A great freezing vortex appears around you.
The iron giant closely misses you.
You are too injured to fight recklessly!
You hit the iron giant but do no damage.
The iron giant is almost dead.
You kill the iron giant!
Qazlal accepts your kill. The Hell Sentinel gestures at you.
The sphere of damnation explodes!
The damnation engulfs you!!
* * * LOW HITPOINT WARNING * * *
Casting: Polar Vortex (dangerous; 2% risk of failure)
Confirm with . or Enter, or press ? or * to list all spells.
You can't see any susceptible monsters within range! (Use Z to cast anyway.)
The Hell Sentinel gestures at you.
The sphere of damnation explodes!
The damnation engulfs you!!!
You die...

********####''+*********#######
*,,,,,,,,.....,,.....,,,,...^..
**,**,***#...#**#...#######....
*,,,,*,,#.§.# #...#.....#....
****,*,,#§§§# #...#.....#....
*,*,,#§§§# #...#.....#....
*,*,,#.§§# #...#.....#....
*,#+##.§§####...#.....'....
*....§1§§§@§....#######....
*....§########.............
#.....# #............. #.....#
#............. #.....#
#............. #.....#
#....########. #.....# #....#
#. #.....# #....# #. #.....#
#....# #†


You could see a Hell Sentinel.

Vanquished Creatures
  the Royal Jelly (Slime:5)
  Asmodeus (Geh:7)
  Tiamat (Zot:1)
  2 dread liches
  Khufu (Crypt:1)
  Mara (Crypt:1)
  2 ancient liches (Vaults:5)
  Mennas (Vaults:1)
  An orb of fire (Zot:4)
  2 juggernauts (Depths:2)
  2 royal mummies (Crypt:1)
  Xtahua (Vaults:3)
  5 caustic shrikes
  A curse toe (Zot:3)
  Geryon (Hell)
  9 golden dragons
  The ghost of Kimelusom the Warrior, an adept DgCj (Depths:3)
  Nikola (Vaults:1)
  the Enchantress (Depths:2)
  Jory (Vaults:4)
  4 profane servitors
  The ghost of Voybleu the Severer, an adept DsDe of Uskayaw (Crypt:3)
  4 bone dragons
  Arachne (Spider:4)
  An iron giant (Dis:7)
  16 Brimstone Fiends
  2 hellephants
  A Tzitzimitl (Dis:7)
  19 tentacled monstrosities
  An Ice Fiend (Dis:7)
  Jorgrun (D:15)
  A Hell Sentinel (Dis:6)
  4 titans
  A shard shrike skeleton (Crypt:3)
  3 deep elf blademasters
  9 quicksilver dragons
  26 acid blobs
  2 deep elf master archers (Elf:3)
  8 liches
  4 death cobs
  9 sphinxes
  3 Executioners
  27 tentacled starspawn
  13 ancient champions
  Kirke (D:14)
  4 krakens
  The ghost of Viocziel the Brawler, an adept TrMo of Nemelex Xobeh (Depths:1)
  14 storm dragons
  18 shadow dragons
  A thorn hunter (Abyss:3)
  Donald (Spider:2)
  Agnes (Elf:1)
  7 tengu reavers
  14 azure jellies
  Ilsuiw (Shoals:4)
  5 draconian monks
  5 revenants
  4 deep elf sorcerers
  3 orc warlords
  7 cacodemons
  14 balrugs
  14 fire giants
  12 frost giants
  4 draconian knights
  22 vault wardens
  2 daevas
  8 draconian scorchers
  3 draconian shifters
  2 iron dragons
  9 rockslimes
  7 curse skulls
  Louise (Elf:3)
  8 ghost moths
  5 emperor scorpions
  8 deep elf elementalists
  A draconian stormcaller (Abyss:5)
  22 ironbound preservers
  22 ghouls
  30 reapers
  4 draconian annihilators
  18 very ugly things
  14 quicksilver oozes
  21 stone giants
  5 spriggan defenders
  An ophan (Abyss:2)
  A war gargoyle (Vaults:4)
  16 green draconians
  6 vampire knights
  12 black draconians
  10 white draconians
  3 dire elephants
  7 deep elf demonologists
  7 purple draconians
  13 yellow draconians
  6 entropy weavers
  A minotaur (Gauntlet)
  10 red draconians
  10 deep elf annihilators
  8 spark wasps
  A blizzard demon (Abyss:1)
  19 ettins
  2 mummy priests (Crypt:3)
  13 deep elf death magi
  A crystal guardian (Vaults:4)
  11 eidola
  3 quicksilver dragon zombies
  5 green deaths
  12 merfolk javelineers
  6 deep elf high priests
  7 merfolk impalers
  A shambling mangrove (Abyss:3)
  The ghost of Weugil the Slicer, a journeyman HaBe of Trog (Lair:2)
  12 fire dragons
  31 vault guards
  11 jiangshi
  12 great orbs of eyes
  2 naga warriors (Abyss:5)
  Josephine (D:10)
  22 yaktaur captains
  Erolcha (Orc:1)
  8 rakshasas
  12 ironbound thunderhulks
  13 ice dragons
  11 hydras
  Harold (D:9)
  The ghost of pkoi the Grappler, a journeyman DrGl of Dithmenos (Lair:2)
  A peacekeeper (Vaults:4)
  6 boulder beetles
  3 hell beasts (Hell)
  7 spriggan air magi
  2 quicksilver dragon skeletons
  A ghost crab (Abyss:5)
  2 ogre magi (Vaults:5)
  3 death knights
  8 ironbound frosthearts
  19 centaur warriors
  An alligator snapping turtle (Shoals:4)
  3 merfolk avatars
  The ghost of Duder the Basher, a novice MiBe of Trog (D:10)
  5 death yaks (Lair:3)
  28 dancing weapons
  4 satyrs
  8 death scarabs (Spider:4)
  11 tengu warriors
  16 two-headed ogres
  2 deep troll shamans
  22 hell hogs
  8 ironbound beastmasters
  4 titan zombies
  3 deep troll earth magi
  8 vampire magi
  3 orc high priests
  26 wretched stars
  55 large abominations
  15 thrashing horrors
  3 storm dragon zombies
  A shock serpent (shapeshifter) (Depths:1)
  Urug (Lair:5)
  38 hell knights
  4 spriggan berserkers
  17 sun demons
  4 soul eaters (Hell)
  17 deep elf knights
  Sonja (Orc:2)
  Nergalle (Lair:1)
  5 shadow wraiths
  2 titan skeletons
  A fire crab (shapeshifter) (Abyss:5)
  8 sixfirhies
  A spatial maelstrom (Abyss:5)
  2 iron trolls (Depths:3)
  3 storm dragon skeletons
  2 quicksilver dragon simulacra (Abyss:5)
  3 golden dragon zombies
  44 deep trolls
  A fire crab (Abyss:5)
  41 skeletal warriors
  5 anaconda zombies
  3 shadow demons
  An infernal demonspawn (Depths:4)
  A goliath frog (shapeshifter) (Depths:1)
  8 glowing orange brains
  9 bog bodies
  11 flayed ghosts
  19 ironbound convokers
  13 sea snakes
  4 spectral wolf spiders (Spider:4)
  A glowing orange brain (shapeshifter) (Abyss:5)
  An orange crystal statue (Depths:2)
  A golden dragon skeleton (Geh:7)
  15 wizards
  An iron giant skeleton (Crypt:3)
  A harpy (shapeshifter) (Abyss:5)
  17 deep elf archers
  18 phantasmal warriors
  A sphinx zombie (Depths:3)
  12 lindwurms
  27 harpies
  11 orc knights
  27 deep elf zephyrmancers
  10 stone giant zombies
  7 iron dragon zombies
  48 ugly things
  5 fire giant zombies
  2 anaconda skeletons
  12 orb spiders
  6 wolf spider zombies
  28 deep elf pyromancers
  2 mana vipers (shapeshifter)
  17 necromancers
  15 fauns
  A manticore (shapeshifter) (Vaults:2)
  9 cyclopes
  9 merfolk sirens
  An orc sorcerer (Orc:1)
  8 worldbinders
  2 shock serpent zombies
  3 frost giant zombies
  2 will-o-the-wisps (Abyss:2)
  2 frost giant skeletons
  Maurice (D:12)
  35 wolf spiders
  6 shining eyes
  10 elephants
  18 manticores
  4 dire elephant zombies
  33 moths of wrath
  16 rust devils
  4 apocalypse crabs
  An eleionoma skeleton (Crypt:1)
  2 torpor snails
  14 molten gargoyles
  3 fire giant skeletons
  A guardian serpent (Abyss:5)
  An eye of devastation (Slime:2)
  9 orange demons
  A black mamba (Lair:6)
  17 vault sentinels
  An ice statue (Hell)
  25 smoke demons
  A black draconian zombie (Crypt:3)
  A storm dragon simulacrum (Crypt:3)
  10 water nymphs
  A stone giant skeleton (Geh:7)
  2 catoblepas zombies
  13 cane toads
  An emperor scorpion zombie (Dis:1)
  5 kobold demonologists
  Maggie (D:10)
  5 dire elephant skeletons
  A purple draconian zombie (Crypt:2)
  13 freezing wraiths
  A red draconian zombie (Geh:7)
  4 redback zombies
  A white draconian zombie (Crypt:3)
  3 unseen horrors
  22 hellions
  A minotaur zombie (Geh:2)
  A death yak zombie (Crypt:3)
  An anaconda simulacrum (Hell)
  2 spectral redbacks (Spider:4)
  10 demonic crawlers
  12 komodo dragons
  33 yaktaurs
  A green draconian zombie (Geh:1)
  6 guardian mummies
  4 efreet
  18 tormentors
  A rime drake (Lair:4)
  3 tengu conjurers
  8 ice devils
  27 merfolk
  8 hellwings
  15 ancient zymes
  23 red devils
  4 spectral deep trolls (Crypt:1)
  3 hydra zombies
  A queen bee (Abyss:4)
  9 trolls
  37 jumping spiders
  8 meliai
  A black draconian skeleton (Crypt:1)
  3 polar bears
  2 spectral tarantellas (Spider:4)
  13 hornets
  A wind drake (shapeshifter) (Abyss:2)
  Prince Ribbit (Lair:2)
  2 tyrant leeches (Lair:6)
  5 spectral jumping spiders (Spider:4)
  Grinder (D:3)
  6 wind drakes
  2 spectral guardian serpents (Crypt:2)
  2 alligator zombies
  3 ettin zombies
  A moth of wrath zombie (Crypt:2)
  11 dream sheep
  A harpy skeleton (Geh:7)
  3 hydra skeletons (Geh:7)
  154 slime creatures
  A frost giant simulacrum (Crypt:3)
  25 blink frogs
  5 snapping turtles
  51 raiju
  2 ice dragon zombies
  A fire giant simulacrum (Depths:3)
  2 tarantella zombies (Spider:4)
  5 ettin skeletons
  2 air elementals (Elf:3)
  A fire dragon skeleton (Geh:7)
  A black mamba zombie (Hell)
  5 fire dragon zombies
  9 vampires
  42 flying skulls
  31 tarantellas
  A satyr skeleton (Crypt:2)
  12 shadows
  58 starcursed masses
  2 ice dragon skeletons
  67 redbacks
  8 spriggans
  2 alligator skeletons (Hell)
  22 water elementals
  Eustachio (D:5)
  2 wyverns
  A human (shapeshifter) (Abyss:5)
  68 yaks
  23 wraiths
  12 ynoxinuls
  16 fire elementals
  A dire elephant simulacrum (Hell)
  5 basilisks
  19 golden eyes
  2 hogs (D:14)
  4 steam dragons
  5 chaos spawn
  16 neqoxecs
  21 vampire mosquitoes
  3 wargs (Orc:2)
  Menkaure (D:7)
  2 nagas (Abyss:5)
  A spatial vortex (Abyss:5)
  An acid dragon (shapeshifter) (Abyss:5)
  4 acid dragons
  10 water moccasins
  64 hell hounds
  A cane toad zombie (Dis:1)
  A floating eye (Slime:3)
  A deep troll skeleton (Crypt:2)
  A spectral hornet (Spider:4)
  7 black bears
  3 cane toad skeletons
  47 orc warriors
  4 swamp dragon zombies
  19 ogres
  A fire dragon simulacrum (Hell)
  An ice beast (shapeshifter) (Depths:4)
  2 sky beasts (D:6)
  10 necrophages
  4 snapping turtle zombies
  4 ice beasts
  2 snapping turtle skeletons
  2 boggarts (Crypt:3)
  A swamp dragon skeleton (Geh:3)
  17 centaurs
  3 phantoms
  An elf zombie (Dis:1)
  A kobold brigand (D:10)
  An octopode zombie (Crypt:3)
  17 bullfrogs
  A rime drake skeleton (Crypt:1)
  3 gnoll sergeants
  A yaktaur skeleton (Crypt:1)
  A palentonga skeleton (Crypt:2)
  An elf skeleton (Crypt:1)
  2 wyvern zombies
  2 earth elementals
  8 scorpions
  A wyvern skeleton (D:5)
  A yak zombie (Crypt:1)
  A snapping turtle simulacrum (Abyss:5)
  4 killer bees (D:7)
  29 wights
  5 electric eels
  6 crimson imps
  14 centaur zombies
  A bullfrog zombie (Crypt:1)
  2 human zombies (Dis:3)
  14 orc priests
  3 hounds
  A centaur skeleton (D:5)
  10 jellies
  A gnoll shaman (Orc:1)
  A human skeleton (Geh:7)
  6 iguanas
  19 iron imps
  Jessica (D:3)
  Natasha (thrice) (D:3)
  13 orc wizards
  2 killer bee zombies (D:9)
  36 small abominations
  A naga skeleton (Geh:1)
  A demigod skeleton (Crypt:2)
  13 mummies
  3 howler monkey zombies (D:9)
  15 gnolls
  A howler monkey skeleton (Crypt:2)
  2 adders
  4 shadow imps
  9 white imps
  7 ufetubi
  An iguana zombie (Crypt:3)
  An adder skeleton (D:4)
  3 worms
  5 dart slugs
  98 orcs
  6 ball pythons
  A bat skeleton (Crypt:3)
  4 endoplasms
  3 giant cockroaches
  11 goblins
  7 hobgoblins
  8 jackals
  12 kobolds
  7 quokkas
  6 bats
  7 frilled lizards
  A frilled lizard skeleton (Crypt:3)
  An orc simulacrum (Crypt:1)
  9 rats
  3 lurking horrors
  28 starspawn tentacles
  7 tentacles
3743 creatures vanquished.

Vanquished Creatures (collateral kills)
  A spark wasp (Spider:4)
  A skeletal warrior (D:15)
  An ugly thing (Vaults:4)
  A jumping spider (Spider:4)
4 creatures vanquished.

Vanquished Creatures (others)
  A lich (Abyss:5)
  A tentacled starspawn (Abyss:5)
  A daeva (Abyss:5)
  A draconian knight (Zot:1)
  A fire giant (Depths:2)
  A deep elf sorcerer (Abyss:5)
  A draconian annihilator (Zot:3)
  A deep elf high priest (Elf:3)
  A blizzard demon (Abyss:5)
  A thrashing horror (Abyss:5)
  A hell hog (Abyss:5)
  2 large abominations (Abyss:5)
  A glowing orange brain (Abyss:5)
  A deep elf zephyrmancer (Orc:2)
  2 smoke demons
  2 tormentors (Abyss:5)
  A demonic crawler (Abyss:5)
  3 raiju (Abyss:5)
  An ettin skeleton (Geh:7)
  2 flying skulls (Abyss:5)
  A tarantella (Spider:4)
  A human (D:14)
  4 small abominations
  A neqoxec (Abyss:5)
  A spatial vortex (Abyss:5)
  A boggart (Elf:1)
  A bush (Lair:6)
  18 foxfires (Abyss:2)
  54 fungi
  2 lurking horrors
  183 plants
  44 starspawn tentacles
  25 tentacles
  51 withered plants
413 creatures vanquished.

Grand Total: 4160 creatures vanquished

Notes
Turn   | Place    | Note
-------+----------+-------------------------------------------
     0 | D:1      | hilljack the Gargoyle Ice Elementalist began the quest for
                  | the Orb.
     0 | D:1      | Reached XP level 1. HP: 10/10 MP: 3/3
   278 | D:1      | Reached XP level 2. HP: 13/15 MP: 3/5
   926 | D:1      | Reached XP level 3. HP: 18/19 MP: 0/6
  1055 | D:1      | Reached skill level 5 in Ice Magic
  1298 | D:2      | Learned a level 3 spell: Frozen Ramparts
  1778 | D:2      | Found a faded altar of an unknown god.
  2056 | D:3      | Noticed Natasha
  2061 | D:3      | Killed Natasha
  2062 | D:3      | Reached XP level 4. HP: 24/24 MP: 4/7
  2253 | D:3      | Noticed Jessica
  2267 | D:3      | Killed Jessica
  2268 | D:3      | Reached skill level 6 in Ice Magic
  2487 | D:3      | Reached XP level 5. HP: 6/28 MP: 0/8
  2505 | D:3      | HP: 1/28 [orc (2)]
  2573 | D:3      | Identified a scroll of acquirement
  2573 | D:3      | Acquired the ring of Mabb {Fly rC+ Str+2 SInv}
  2677 | D:3      | Noticed Natasha
  2687 | D:3      | Killed Natasha
  2869 | D:3      | Noticed Natasha
  2873 | D:3      | Killed Natasha
  3082 | D:3      | Noticed Grinder
  3168 | D:3      | Paralysed by Grinder for 2 turns
  3177 | D:3      | Learned a level 3 spell: Ozocubu's Armour
  3185 | D:3      | Paralysed by Grinder for 3 turns
  3202 | D:3      | Killed Grinder
  3203 | D:3      | Reached skill level 8 in Ice Magic
  3203 | D:3      | Reached XP level 6. HP: 21/32 MP: 0/9
  3353 | D:3      | Reached XP level 7. HP: 36/36 MP: 6/10
  3748 | D:4      | Found the +8 glaive of the Guard {elec, spectral, AC+5}
  3847 | D:4      | Reached skill level 9 in Ice Magic
  4200 | D:4      | Found Zucukiqy's Antique Weapon Shoppe.
  4350 | D:5      | Entered Level 5 of the Dungeon
  4350 | D:5      | Found Sofasobies's Assorted Antiques.
  4357 | D:5      | Bought a scroll labelled JYABRUOSHRU for 21 gold pieces
  4357 | D:5      | Bought 2 scrolls labelled IGUBUR UFUY for 42 gold pieces
  4357 | D:5      | Bought a scroll labelled JYABRUOSHRU for 21 gold pieces
  4361 | D:5      | Found Xarghaf's Armour Shoppe.
  4388 | D:5      | Found Gaeqer's Armour Shop.
  4403 | D:5      | Reached XP level 8. HP: 41/41 MP: 11/11
  4422 | D:5      | Found a staircase to the Ecumenical Temple.
  4427 | D:5      | Reached skill level 10 in Ice Magic
  4434 | Temple   | Entered the Ecumenical Temple
  4747 | Temple   | Became a worshipper of Qazlal Stormbringer
  4831 | D:5      | Noticed Eustachio
  4855 | D:5      | Killed Eustachio
  5072 | D:5      | Reached skill level 5 in Armour
  5130 | D:5      | Found Soudu's Assorted Antiques.
  5145 | D:5      | Bought a fizzy golden potion for 22 gold pieces
  5145 | D:5      | Bought a scroll labelled NAFECY BYGY for 25 gold pieces
  5465 | D:6      | Reached XP level 9. HP: 45/45 MP: 12/12
  5680 | D:6      | Reached * piety under Qazlal
  6060 | D:6      | Found a hazy altar of Hepliaklqana.
  6063 | D:6      | Identified the +1 chain mail "Qoihaj" {rElec rF+++ Str+2
                  | Stlth-}
  6075 | D:6      | Reached skill level 10 in Armour
  6075 | D:6      | Reached skill level 1 in Invocations
  6484 | D:7      | Reached XP level 10. HP: 50/50 MP: 7/13
  6565 | D:7      | Noticed Menkaure
  6568 | D:7      | Killed Menkaure
  6569 | D:7      | Reached skill level 5 in Invocations
  6598 | D:7      | Reached ** piety under Qazlal
  7120 | D:7      | Found a glowing silver altar of Zin.
  7249 | D:8      | Noticed a two-headed ogre
  7253 | D:8      | Killed a two-headed ogre
  7303 | D:8      | Found Focifil's Demolitions Depot.
  7313 | D:8      | Learned a level 5 spell: Freezing Cloud
  7334 | D:8      | Noticed a two-headed ogre
  7340 | D:8      | Killed a two-headed ogre
  7341 | D:8      | Reached skill level 1 in Air Magic
  7549 | D:8      | Found Dusoevao's Armour Emporium.
  7743 | D:8      | Noticed a centaur warrior
  7746 | D:8      | Killed a centaur warrior
  8191 | D:9      | Found Oroef's Armour Shop.
  8191 | D:9      | Found a staircase to the Orcish Mines.
  8204 | D:9      | Reached XP level 11. HP: 54/54 MP: 11/17
  8371 | D:9      | Noticed Harold
  8378 | D:9      | Killed Harold
  8379 | D:9      | Reached skill level 5 in Conjurations
  8772 | D:9      | Reached *** piety under Qazlal
  8777 | D:9      | Found a basalt altar of Yredelemnul.
  9061 | D:9      | Found a bloodstained altar of Trog.
  9343 | D:9      | Reached skill level 5 in Air Magic
  9734 | Orc:1    | Entered Level 1 of the Orcish Mines
  9737 | Orc:1    | Found Ziosiefo's Armour Emporium.
  9809 | Orc:1    | Reached **** piety under Qazlal
  9931 | Orc:1    | Noticed an orc sorcerer
  9947 | Orc:1    | Killed an orc sorcerer
 10022 | Orc:1    | Noticed a two-headed ogre
 10031 | Orc:1    | Killed a two-headed ogre
 10589 | D:10     | Entered Level 10 of the Dungeon
 10717 | D:10     | Reached XP level 12. HP: 58/59 MP: 15/18
 10749 | D:10     | Found a staircase to the Lair.
 10779 | D:10     | You are sucked into a shaft and drop 1 floor!
 10918 | D:11     | Reached ***** piety under Qazlal
 11205 | D:11     | Noticed a two-headed ogre
 11215 | D:11     | Killed a two-headed ogre
 11353 | D:11     | Reached skill level 10 in Conjurations
 11593 | D:12     | Noticed a boulder beetle
 11597 | D:12     | Killed a boulder beetle
 12056 | D:12     | Noticed Maurice
 12063 | D:12     | Killed Maurice
 12469 | D:12     | Noticed a seven-headed hydra
 12475 | D:12     | Killed a seven-headed hydra
 12623 | D:10     | Noticed Maggie
 12632 | D:10     | Killed Maggie
 12761 | D:10     | Noticed a tengu warrior
 12766 | D:10     | Killed a tengu warrior
 12767 | D:10     | Reached skill level 10 in Air Magic
 12944 | D:10     | Noticed a two-headed ogre
 12946 | D:10     | Noticed a two-headed ogre
 12946 | D:10     | Noticed an eight-headed hydra
 12953 | D:10     | Noticed Duder's ghost (novice MiBe)
 12962 | D:10     | Found a transporter.
 12979 | D:10     | Found a transporter.
 13086 | D:10     | Noticed Josephine
 13094 | D:10     | Killed Josephine
 13097 | D:10     | Reached XP level 13. HP: 41/63 MP: 13/19
 13402 | D:10     | You are sucked into a shaft and drop 3 floors!
 13431 | D:13     | Reached skill level 5 in Spellcasting
 13790 | D:13     | Found a flagged portal.
 13855 | Bailey   | Entered a bailey
 14620 | Lair:1   | Entered Level 1 of the Lair of Beasts
 14765 | Lair:1   | Found a gate leading to a gauntlet.
 14810 | Gauntlet | Entered a Gauntlet
 14810 | Gauntlet | Found a transporter.
 14818 | Gauntlet | Found a transporter.
 14820 | Gauntlet | Found a transporter.
 14822 | Gauntlet | Found a transporter.
 14838 | Gauntlet | Found a transporter.
 14856 | Gauntlet | Found a transporter.
 14864 | Gauntlet | Found a transporter.
 14882 | Gauntlet | Found a transporter.
 14902 | Gauntlet | Found a transporter.
 14910 | Gauntlet | Noticed a reaper
 14914 | Gauntlet | Found a transporter.
 14926 | Gauntlet | Found a transporter.
 14935 | Gauntlet | Noticed a reaper
 14938 | Gauntlet | Found a transporter.
 14950 | Gauntlet | Found a transporter.
 14968 | Gauntlet | Found a transporter.
 14988 | Gauntlet | Found a transporter.
 14990 | Gauntlet | Found a transporter.
 15024 | Gauntlet | Found a transporter.
 15026 | Gauntlet | Found a transporter.
 15785 | Gauntlet | Killed a reaper
 15930 | Gauntlet | Identified the +1 cloak of the Ecumenical Temple {Regen+
                  | Str+4 Dex-2}
 15940 | Gauntlet | Noticed a minotaur
 15951 | Gauntlet | Killed a minotaur
 16147 | Lair:1   | Reached ****** piety under Qazlal
 16604 | Lair:2   | Noticed Prince Ribbit
 16609 | Lair:2   | Killed Prince Ribbit
 16609 | Lair:2   | Noticed Nergalle
 16617 | Lair:2   | Reached skill level 10 in Spellcasting
 16727 | Lair:1   | Killed Nergalle
 16888 | Lair:2   | Found a runed translucent gate.
 16888 | Lair:2   | Found a runed translucent gate.
 16888 | Lair:2   | Found a runed translucent gate.
 16890 | Lair:2   | Noticed Weugil's ghost (journeyman HaBe)
 16890 | Lair:2   | Noticed pkoi's ghost (journeyman DrGl)
 16906 | Lair:2   | Gained mutation: Your large and strong wings let you fly.
                  | [Gargoyle growth]
 16906 | Lair:2   | Reached XP level 14. HP: 68/68 MP: 28/28
 17558 | Lair:3   | Found a staircase to the Shoals.
 17706 | Lair:3   | Reached skill level 5 in Dodging
 17982 | Lair:3   | Found a hole to the Spider Nest.
 19353 | Lair:5   | Identified the +6 hunting sling "Denoc" {freeze, rPois
                  | Dex+4}
 19471 | Lair:5   | Noticed Urug
 19531 | Lair:5   | Killed Urug
 19922 | Lair:5   | Found a runed translucent door.
 19923 | Lair:5   | Found a viscous altar of Jiyva.
 19923 | Lair:5   | Noticed an acid blob
 19926 | Lair:5   | Found a staircase to the Slime Pits.
 20176 | Lair:6   | Entered Level 6 of the Lair of Beasts
 21314 | D:14     | Noticed a ghoul
 21315 | D:14     | Noticed Kirke
 21554 | Lair:6   | Reached XP level 15. HP: 43/72 MP: 13/29
 21728 | Lair:6   | Reached skill level 10 in Dodging
 21996 | Lair:6   | Identified the +4 leather armour of the Forgotten Seers
                  | {Int+3 Dex+4 Slay+2}
 23122 | Orc:2    | Entered Level 2 of the Orcish Mines
 23122 | Orc:2    | Noticed Erolcha
 23122 | Orc:2    | Found a staircase to the Elven Halls.
 23131 | Orc:1    | Killed Erolcha
 24147 | Orc:2    | Noticed Sonja
 24286 | Orc:2    | Killed Sonja
 24491 | Orc:2    | Found Acserelo's Jewellery Boutique.
 24528 | Orc:2    | Found Neiwke's Antique Armour Shoppe.
 24528 | Orc:2    | Found Diozxiuq's Weapon Shop.
 24528 | Orc:2    | Found Wuijetih's Magic Scroll Boutique.
 24531 | Orc:2    | Found Efas's Antique Armour Emporium.
 24633 | D:8      | Bought a manual of Conjurations for 1120 gold pieces
 24812 | D:10     | Killed Duder's ghost
 24813 | D:10     | Reached skill level 11 in Ice Magic
 25034 | D:14     | Reached skill level 5 in Shields
 25139 | D:14     | Reached skill level 1 in Fighting
 25140 | D:14     | Reached XP level 16. HP: 80/80 MP: 30/30
 25144 | D:14     | Killed Kirke
 25224 | D:14     | Reached skill level 5 in Fighting
 25676 | D:14     | Found a gate to the Vaults.
 25725 | D:15     | Entered Level 15 of the Dungeon
 25743 | D:15     | Cast into level 2 of the Abyss (a wizard)
 25783 | Abyss:2  | Noticed a tentacled starspawn
 25792 | Abyss:2  | Killed a tentacled starspawn
 25924 | D:15     | Escaped the Abyss
 25993 | D:15     | Reached skill level 10 in Fighting
 26071 | D:15     | Learned a level 9 spell: Polar Vortex
 26234 | D:15     | Noticed Jorgrun
 26242 | D:15     | Killed Jorgrun
 26311 | D:15     | Found Syotzaen's Overcharged Wands.
 26404 | D:15     | Reached skill level 12 in Ice Magic
 26583 | D:15     | Found a staircase to the Depths.
 27468 | Spider:1 | Entered Level 1 of the Spider Nest
 27478 | Spider:1 | Reached XP level 17. HP: 102/102 MP: 23/31
 27489 | Spider:1 | Reached skill level 13 in Ice Magic
 27961 | Spider:2 | Noticed Donald
 28027 | Spider:2 | Killed Donald
 28028 | Spider:2 | Reached skill level 14 in Ice Magic
 28137 | Spider:2 | Learned a level 7 spell: Ozocubu's Refrigeration
 29421 | Spider:3 | Reached skill level 15 in Ice Magic
 29758 | Spider:3 | Identified the +10 mace of Analysis {vorpal, +Blink Int-2
                  | Dex+2}
 30532 | Spider:4 | Entered Level 4 of the Spider Nest
 30561 | Spider:4 | Reached skill level 16 in Ice Magic
 30657 | Spider:4 | Noticed Arachne
 30684 | Spider:4 | Killed Arachne
 30693 | Spider:4 | Reached XP level 18. HP: 105/107 MP: 15/32
 30919 | Spider:4 | Identified the +1 plate armour of Bitterness {Will+}
 31285 | Spider:4 | Reached skill level 17 in Ice Magic
 32509 | Spider:4 | Reached skill level 18 in Ice Magic
 32951 | Spider:4 | Got a gossamer rune of Zot
 33183 | Shoals:1 | Entered Level 1 of the Shoals
 34419 | Shoals:2 | Identified the ring of Accord {rElec rPois AC+4 Int+3}
 34542 | Shoals:2 | Reached XP level 19. HP: 99/112 MP: 34/34
 34656 | Shoals:2 | Reached skill level 19 in Ice Magic
 34879 | Shoals:2 | Found a corrupted altar of Lugonu.
 34881 | Shoals:2 | Found a one-way gate to the infinite horrors of the Abyss.
 36206 | Shoals:4 | Entered Level 4 of the Shoals
 36667 | Shoals:4 | Got a barnacled rune of Zot
 36733 | Shoals:4 | Noticed Ilsuiw
 36760 | Shoals:4 | Killed Ilsuiw
 36884 | Shoals:4 | Reached skill level 20 in Ice Magic
 37354 | Shoals:4 | Identified the +6 flail "Sibriq" {vorpal, rPois}
 37443 | Shoals:4 | Found Pediurgh's Distillery.
 37691 | Shoals:4 | Found Qaoxitzy's General Store.
 38181 | Vaults:1 | Entered Level 1 of the Vaults
 38266 | Vaults:1 | Noticed Nikola
 38289 | Vaults:1 | Killed Nikola
 38400 | Vaults:1 | Reached XP level 20. HP: 82/117 MP: 30/36
 38586 | Vaults:1 | Paralysed by a sphinx for 6 turns
 38634 | Vaults:1 | Acquired 941 gold pieces
 39046 | Vaults:1 | Reached skill level 21 in Ice Magic
 39132 | Vaults:1 | Found Todah's Jewellery Emporium.
 39142 | Vaults:1 | Bought the ring of Kiacuga {Will+ Int+7} for 747 gold
                  | pieces
 40617 | Vaults:2 | Paralysed by a great orb of eyes for 7 turns
 40628 | Vaults:2 | Reached skill level 22 in Ice Magic
 40628 | Vaults:2 | Reached XP level 21. HP: 63/122 MP: 27/38
 41155 | Vaults:2 | Found a staircase to the Crypt.
 41830 | Elf:1    | Entered Level 1 of the Elven Halls
 42173 | Elf:1    | Noticed Agnes
 42180 | Elf:1    | Killed Agnes
 43331 | Elf:2    | Found a runed translucent gate.
 43332 | Elf:2    | Found a runed translucent gate.
 43332 | Elf:2    | Found a runed translucent gate.
 43395 | Elf:2    | Found Utinih's General Store.
 43698 | Elf:2    | Found a portal to a secret trove of treasure.
 43825 | Elf:2    | Identified the +1 scale mail of the Devil's Team {rN+
                  | Regen+}
 44116 | Elf:2    | Reached skill level 23 in Ice Magic
 44437 | Elf:2    | Bought a scroll of enchant weapon for 105 gold pieces
 45560 | Elf:3    | Entered Level 3 of the Elven Halls
 45676 | Elf:3    | Reached skill level 15 in Spellcasting
 45676 | Elf:3    | Reached XP level 22. HP: 71/127 MP: 25/41
 46057 | Elf:3    | Identified the +1 shadow dragon scales of Agnosticism
                  | {rElec rC- Regen+ Str-4 Stlth++++}
 46203 | Elf:3    | Identified the +0 chain mail of Whack-A-Mole {Str+2 Dex+2}
 46232 | Elf:3    | Identified the +5 broad axe "Suog" {vorpal, rF+ rCorr}
 46244 | Elf:3    | Identified the +6 glaive "Tormentor" {flame, Dex+5}
 46244 | Elf:3    | Noticed Louise
 46251 | Elf:3    | Cast into level 2 of the Abyss (Louise)
 46266 | Abyss:2  | Identified the +2 pair of gloves "Wiesch" {Rampage rF+
                  | Will-}
 46305 | Abyss:2  | Reached skill level 24 in Ice Magic
 46475 | Elf:3    | Escaped the Abyss
 46485 | Elf:3    | Killed Louise
 46886 | Elf:3    | Got Xiawn's Tome of Enchanting Darkness
 46889 | Elf:3    | Identified the ring "Loepnany" {Ice rElec Int+3 Dex+3 SInv}
 46918 | Elf:3    | Got the Grimoire of Conjuration and Evil Magic
 47041 | Elf:3    | Identified the +3 buckler "Xonehixt" {Str+9}
 47186 | Elf:3    | Identified the +1 arbalest of Malaise {penet, rF+}
 47764 | Vaults:3 | Found Zygea's Antique Weapon Emporium.
 47819 | Vaults:3 | Bought a dazzling spear for 264 gold pieces
 47819 | Vaults:3 | Identified the +2 spear "Dimiuli" {flame, rF+ rN+ Will-
                  | Str+5} (You bought it in a shop on level 3 of the Vaults)
 48004 | Vaults:3 | Noticed Mennas
 48752 | Vaults:3 | Reached skill level 25 in Ice Magic
 48763 | Vaults:3 | Found Daipoe's Assorted Antiques.
 48780 | Vaults:3 | Bought a scroll of teleportation for 81 gold pieces
 48936 | Vaults:3 | Reached skill level 10 in Shields
 48936 | Vaults:3 | Reached XP level 23. HP: 132/132 MP: 37/42
 49132 | Vaults:3 | Identified the +6 dagger "Ehann" {freeze, rN++}
 49146 | Vaults:3 | Identified the +10 plate armour of the Storm King {Str-4
                  | Int+5 Dex+3}
 49154 | Vaults:3 | Noticed Xtahua
 49165 | Vaults:3 | Killed Xtahua
 50202 | Vaults:4 | Noticed Jory
 50226 | Vaults:4 | Killed Jory
 50242 | Vaults:4 | Reached skill level 15 in Shields
 50252 | Vaults:4 | Reached skill level 1 in Maces & Flails
 51421 | Vaults:5 | Entered Level 5 of the Vaults
 51567 | Vaults:5 | Reached XP level 24. HP: 119/139 MP: 33/42
 51571 | Vaults:5 | Reached skill level 10 in Invocations
 51869 | Vaults:5 | Identified the ring "Yfenezec" {rPois Int+3 SInv}
 52402 | Vaults:5 | Noticed an ancient lich
 52410 | Vaults:5 | Killed an ancient lich
 52514 | Vaults:5 | Noticed an ancient lich
 52518 | Vaults:5 | Killed an ancient lich
 52578 | Vaults:5 | Cast into level 2 of the Abyss (a deep elf sorcerer)
 52721 | Abyss:2  | Reached skill level 5 in Axes
 52753 | Vaults:5 | Escaped the Abyss
 53213 | Vaults:5 | Learned a level 5 spell: Metabolic Englaciation
 53220 | Vaults:5 | Learned a level 6 spell: Simulacrum
 53408 | Vaults:5 | Reached XP level 25. HP: 110/144 MP: 42/42
 53885 | Vaults:5 | Got a silver rune of Zot
 54172 | Crypt:1  | Entered Level 1 of the Crypt
 54377 | Crypt:1  | Reached skill level 10 in Axes
 54379 | Crypt:1  | Noticed Mara
 54393 | Crypt:1  | Noticed hilljack's illusion
 54393 | Crypt:1  | Killed Mara
 54455 | Crypt:1  | Noticed Khufu
 54460 | Crypt:1  | Noticed a royal mummy
 54460 | Crypt:1  | Noticed a royal mummy
 54472 | Crypt:1  | Killed a royal mummy
 54472 | Crypt:1  | Killed Khufu
 54709 | Crypt:1  | Killed a royal mummy
 55527 | Crypt:2  | Paralysed by a vampire knight for 3 turns
 55670 | Crypt:2  | Acquired the Collected Works on Excruciating Malediction
 56484 | Crypt:3  | Entered Level 3 of the Crypt
 56511 | Crypt:3  | Reached XP level 26. HP: 140/149 MP: 21/42
 56649 | Crypt:3  | Identified the amulet "Fiopsuaj" {RegenMP -Tele Harm rF-
                  | Int+5}
 56652 | Crypt:3  | Reached skill level 15 in Axes
 56718 | Crypt:3  | Identified the +11 short sword of the Gloaming {speed,
                  | Will+ Dex+5}
 56721 | Crypt:3  | Found a shimmering blue altar of Sif Muna.
 56948 | Crypt:3  | Paralysed by a sphinx for 4 turns
 56952 | Crypt:3  | Identified the +0 scale mail of the Heavens {+Inv Stlth+}
 57309 | Crypt:3  | Found a staircase to the Tomb.
 57620 | Crypt:3  | Found a basalt altar of Yredelemnul.
 57661 | Crypt:3  | Found an ancient bone altar of Kikubaaqudgha.
 57726 | Crypt:3  | Identified the +3 whip of Ravage {speed, rN+}
 57769 | Crypt:3  | Got the Grimoire of Gliding Ignition
 57964 | Crypt:3  | Found a runed translucent gate.
 57965 | Crypt:3  | Found a runed translucent gate.
 57966 | Crypt:3  | Found a runed translucent gate.
 57966 | Crypt:3  | Noticed Voybleu's ghost (adept DsDe)
 58416 | Crypt:3  | Killed Voybleu's ghost
 58589 | Crypt:3  | Identified the amulet of Wuytrawut {rC+++ Regen+ Str-3
                  | Dex+4 Stlth-}
 58591 | Crypt:3  | Identified the +1 robe "Nitsar" {rCorr Dex-3 SInv Archmagi}
 58611 | Crypt:3  | Identified the +7 falchion "Itwum" {vorpal, Str+4 Int+2}
 59060 | Vaults:1 | Killed Mennas
 59641 | Depths:1 | Entered Level 1 of the Depths
 59641 | Depths:1 | Found a gateway to Hell.
 59859 | Depths:1 | Found a gateway to a ziggurat.
 59944 | Depths:1 | Noticed Viocziel's ghost (adept TrMo)
 59952 | Depths:1 | Found a runed translucent gate.
 59952 | Depths:1 | Found a runed translucent gate.
 59952 | Depths:1 | Found a runed translucent gate.
 59975 | Depths:1 | Killed Viocziel's ghost
 60097 | Depths:1 | Found a bloodstained altar of Trog.
 60148 | Depths:1 | Found a snail-covered altar of Cheibriados.
 60749 | Depths:2 | Reached XP level 27. HP: 94/153 MP: 33/42
 60868 | Depths:2 | Noticed a juggernaut
 60871 | Depths:2 | Noticed the Enchantress
 60872 | Depths:2 | Noticed a juggernaut
 60888 | Depths:2 | Killed the Enchantress
 60890 | Depths:2 | Killed a juggernaut
 60890 | Depths:2 | Killed a juggernaut
 62591 | Elf:2    | You paid a toll of +3 ice dragon scales to enter a treasure
                  | trove
 62592 | Trove    | Entered a treasure trove
 62597 | Trove    | Identified the +4 executioner's axe "Zifiarch" {flame,
                  | rPois MP+9 Int-4}
 62599 | Trove    | Identified the +10 bardiche of the Saving Philosopher
                  | {freeze, rPois rC+ Str+4}
 62601 | Trove    | Identified the +8 quick blade of Egomania {venom, rF+}
 63269 | Depths:3 | Found a hide-covered altar of Uskayaw.
 63390 | Depths:3 | Noticed Kimelusom's ghost (adept DgCj)
 63420 | Depths:3 | Found a one-way gate leading to the halls of Pandemonium.
 63589 | Depths:3 | Found a transporter.
 63595 | Depths:3 | Found a transporter.
 63718 | Depths:4 | Found Pythrid's Weapon Boutique.
 63762 | Depths:4 | Found Jatirr's Antique Armour Boutique.
 63829 | Depths:4 | Reached skill level 15 in Armour
 63918 | Depths:4 | Found a flickering gateway to a bazaar.
 63927 | Bazaar   | Entered a bazaar
 63927 | Bazaar   | Found Xun Muyth's Armour Shoppe.
 63927 | Bazaar   | Found Diaty's Antique Armour Shoppe.
 63960 | Bazaar   | Found Mular's Armour Shoppe.
 63976 | Bazaar   | Found Xaut's Antique Weapon Emporium.
 63980 | Bazaar   | Found Hiwk's Antique Armour Shop.
 64023 | Bazaar   | Bought smouldering fire dragon scales for 1495 gold pieces
 64023 | Bazaar   | Identified the +3 fire dragon scales "Kuagemit" {rPois rF++
                  | rC- Slay+3 Stlth-} (You bought it in a shop in a bazaar)
 64023 | Bazaar   | Bought a pair of runed boots for 172 gold pieces
 64049 | Bazaar   | Bought a faintly humming hat for 189 gold pieces
 64049 | Bazaar   | Identified the +2 hat of Disaster {+Blink rC- rN+ Int+3}
                  | (You bought it in a shop in a bazaar)
 64049 | Bazaar   | Bought a pair of glowing boots for 157 gold pieces
 64964 | Depths:5 | Entered Level 5 of the Depths
 65048 | Depths:5 | Reached skill level 15 in Dodging
 65305 | Depths:5 | Found a glowing golden altar of the Shining One.
 66185 | Depths:5 | Found a runed translucent door.
 66185 | Depths:5 | Found a runed translucent door.
 66298 | Depths:5 | Found a runed translucent door.
 66304 | Depths:5 | Found a runed translucent door.
 66470 | Depths:5 | Found a runed translucent door.
 66496 | Depths:5 | Found a runed translucent door.
 66518 | Depths:5 | Found a gate to the Realm of Zot.
 66733 | Hell     | Entered the Vestibule of Hell
 66733 | Hell     | Noticed Geryon
 66868 | Hell     | Killed Geryon
 67046 | Hell     | Found a gateway to the ashen valley of Gehenna.
 67121 | Hell     | Found a gateway to the Iron City of Dis.
 67171 | Hell     | Found a gateway to the freezing wastes of Cocytus.
 67250 | Hell     | Found a gateway to the decaying netherworld of Tartarus.
 67723 | Slime:1  | Entered Level 1 of the Pits of Slime
 70363 | Slime:5  | Entered Level 5 of the Pits of Slime
 70375 | Slime:5  | Gained mutation: Your body sometimes deteriorates upon
                  | taking damage. [a shining eye]
 70396 | Slime:5  | Gained mutation: Potions are less effective at restoring
                  | your health. [a shining eye]
 70398 | Slime:5  | Gained mutation: You tend to lose your temper in combat. [a
                  | shining eye]
 70446 | Slime:5  | Noticed the Royal Jelly
 70458 | Slime:5  | Killed the Royal Jelly
 70687 | Slime:5  | Got a slimy rune of Zot
 70703 | Slime:5  | Acquired 965 gold pieces
 70741 | Slime:5  | Identified the +1 robe "Ixohit" {Rampage +Inv Str+4 Stlth-}
 70752 | Slime:5  | Identified the +8 hand axe of Teifossu {vorpal, rCorr Str+7
                  | Dex+4}
 71156 | Slime:5  | Identified the +8 shortbow of Pypsiubergh {freeze, rCorr
                  | Dex+4}
 71475 | Geh:1    | Entered Level 1 of Gehenna
 72494 | Geh:3    | You are sucked into a shaft and drop 3 floors!
 72557 | Geh:7    | Entered Level 7 of Gehenna
 74018 | Geh:7    | Found the +7 sceptre of Asmodeus
 74018 | Geh:7    | Noticed Asmodeus
 74063 | Geh:7    | Killed Asmodeus
 74071 | Geh:7    | Got the Disquisition on Entrancing Weightlessness
 74072 | Geh:7    | Identified the ring "Lutewud" {Contam rPois rF- Str+7 SInv}
 74075 | Geh:7    | Got an obsidian rune of Zot
 74133 | Geh:7    | Identified the +8 trident "Funt" {freeze, Dex+4}
 74549 | Shoals:4 | Bought a potion of might for 48 gold pieces
 74549 | Shoals:4 | Bought a potion of heal wounds for 60 gold pieces
 74549 | Shoals:4 | Bought a potion of brilliance for 48 gold pieces
 74549 | Shoals:4 | Bought a potion of cancellation for 96 gold pieces
 74549 | Shoals:4 | Bought a potion of curing for 36 gold pieces
 74549 | Shoals:4 | Bought a potion of might for 48 gold pieces
 74549 | Shoals:4 | Bought a potion of berserk rage for 60 gold pieces
 74567 | Shoals:4 | Bought a potion of curing for 33 gold pieces
 74567 | Shoals:4 | Bought a potion of curing for 33 gold pieces
 74749 | Lair:6   | Lost mutation: Your body sometimes deteriorates upon taking
                  | damage. [potion of mutation]
 74749 | Lair:6   | Lost mutation: You tend to lose your temper in combat.
                  | [potion of mutation]
 74749 | Lair:6   | Gained mutation: Your magical capacity is low. (-10% MP)
                  | [potion of mutation]
 74749 | Lair:6   | Gained mutation: You are robust. (+10% HP) [potion of
                  | mutation]
 74750 | Lair:6   | Lost mutation: Potions are less effective at restoring your
                  | health. [potion of mutation]
 74750 | Lair:6   | Lost mutation: Your magical capacity is low. (-10% MP)
                  | [potion of mutation]
 74750 | Lair:6   | Lost mutation: You are robust. (+10% HP) [potion of
                  | mutation]
 74750 | Lair:6   | Gained mutation: You have a somewhat thin skeletal
                  | structure. (Dex +2, Stealth+) [potion of mutation]
 75060 | D:5      | Bought a potion of resistance for 250 gold pieces
 75246 | Orc:2    | Bought a scroll of magic mapping for 52 gold pieces
 75249 | Orc:2    | Bought a fine leather armour for 238 gold pieces
 75249 | Orc:2    | Identified the +2 leather armour of the Harp {rF++ Str+2}
                  | (You bought it in a shop on level 2 of the Orcish Mines)
 75249 | Orc:2    | Bought a dazzling chain mail for 323 gold pieces
 75249 | Orc:2    | Identified the +1 chain mail of Uroc {Harm +Inv rPois rF-}
                  | (You bought it in a shop on level 2 of the Orcish Mines)
 75536 | Zot:1    | Entered Level 1 of the Realm of Zot
 75552 | Zot:1    | Reached skill level 1 in Evocations
 75685 | Zot:1    | Reached skill level 5 in Evocations
 76031 | Zot:1    | Found the +4 dragonskin cloak
 76031 | Zot:1    | Noticed Tiamat
 76136 | Zot:1    | Killed Tiamat
 76595 | Zot:2    | Reached skill level 10 in Evocations
 77972 | Zot:3    | Reached skill level 15 in Conjurations
 78677 | Zot:3    | Learned a level 7 spell: Orb of Destruction
 78866 | Zot:4    | Found a transporter.
 78987 | Zot:4    | Found a transporter.
 79404 | Zot:4    | Identified the +3 hand axe of the Wilderness {holy, Drain
                  | rF- Str+8 Dex+8}
 79612 | Zot:4    | Noticed an orb of fire
 79616 | Zot:4    | Noticed a dread lich
 79633 | Zot:4    | Gained mutation: You are weak. (Str -2) [a cacodemon]
 79642 | Zot:4    | Gained mutation: You are very weak. (Str -4) [a cacodemon]
 79653 | Zot:4    | Killed an orb of fire
 79721 | Zot:4    | Gained mutation: You tend to lose your temper in combat. [a
                  | cacodemon]
 79868 | Zot:4    | Killed a dread lich
 79968 | Zot:4    | Identified the amulet of Huel {Acrobat rC++}
 79983 | Zot:4    | Identified the ring "Kutuidar" {rElec rN+ AC+4}
 80315 | Lair:2   | Killed pkoi's ghost
 80326 | Lair:2   | Killed Weugil's ghost
 80652 | Depths:3 | Killed Kimelusom's ghost
 80675 | Depths:3 | Identified the -2 pair of gloves of Dishonour {Harm
                  | *Corrode rF- Int+5}
 81090 | Depths:5 | Voluntarily entered the Abyss.
 81344 | Depths:5 | Escaped the Abyss
 81360 | Depths:5 | Voluntarily entered the Abyss.
 81394 | Abyss:1  | Noticed a dread lich
 81420 | Abyss:1  | Paralysed by a dread lich for 2 turns
 81434 | Abyss:1  | Killed a dread lich
 81634 | Abyss:2  | Paralysed by accursed screaming for 1 turns
 81782 | Abyss:2  | Found a corrupted altar of Lugonu.
 81900 | Abyss:2  | Reached skill level 15 in Fighting
 81919 | Abyss:2  | Found a broken altar of Ashenzari.
 82379 | Abyss:3  | Gained mutation: Your spells are a little easier to cast,
                  | but a little less powerful. [a cacodemon]
 82382 | Abyss:3  | Gained mutation: You are partially covered in iridescent
                  | scales. (AC +2) [a cacodemon]
 82416 | Abyss:4  | Found a corrupted altar of Lugonu.
 82450 | Abyss:5  | Entered Level 5 of the Abyss
 82453 | Abyss:5  | Found a transporter.
 82480 | Abyss:5  | Paralysed by accursed screaming for 1 turns
 82621 | Abyss:5  | Gained mutation: Your body sometimes deteriorates upon
                  | taking damage. [a neqoxec]
 82632 | Abyss:5  | Found a transporter.
 82635 | Abyss:5  | Found a transporter.
 82635 | Abyss:5  | Identified the amulet of Bolaep {RegenMP -Tele Rampage rF+
                  | rN+++}
 82636 | Abyss:5  | Found a corrupted altar of Lugonu.
 82665 | Abyss:5  | Found a transporter.
 82751 | Abyss:5  | Found a transporter.
 82751 | Abyss:5  | Found a corrupted altar of Lugonu.
 82771 | Abyss:5  | Found a transporter.
 82781 | Abyss:5  | Found a transporter.
 82832 | Abyss:5  | Found a corrupted altar of Lugonu.
 83002 | Abyss:5  | Gained mutation: Your magical capacity is low. (-10% MP) [a
                  | neqoxec]
 83029 | Abyss:5  | Paralysed by accursed screaming for 2 turns
 83099 | Abyss:5  | Gained mutation: You occasionally shout uncontrollably at
                  | your foes. [a neqoxec]
 83102 | Abyss:5  | Lost mutation: Your magical capacity is low. (-10% MP) [a
                  | neqoxec]
 83429 | Abyss:5  | Paralysed by accursed screaming for 2 turns
 83433 | Depths:5 | Escaped the Abyss
 83555 | Depths:5 | Lost mutation: Your body sometimes deteriorates upon taking
                  | damage. [potion of mutation]
 83555 | Depths:5 | Lost mutation: You are partially covered in iridescent
                  | scales. (AC +2) [potion of mutation]
 83555 | Depths:5 | Gained mutation: Your spells are easier to cast, but less
                  | powerful. [potion of mutation]
 83555 | Depths:5 | Gained mutation: Your flesh is heat resistant. (rF+)
                  | [potion of mutation]
 83555 | Depths:5 | Gained mutation: Your mind is acute. (Int +2) [potion of
                  | mutation]
 83556 | Depths:5 | Lost mutation: Your flesh is heat resistant. (rF+) [potion
                  | of mutation]
 83556 | Depths:5 | Lost mutation: You occasionally shout uncontrollably at
                  | your foes. [potion of mutation]
 83556 | Depths:5 | Lost mutation: You are very weak. (Str -4) [potion of
                  | mutation]
 83556 | Depths:5 | Gained mutation: You passively dampen the noise of your
                  | surroundings. [potion of mutation]
 83557 | Depths:5 | Lost mutation: You have a somewhat thin skeletal structure.
                  | (Dex +2, Stealth+) [potion of mutation]
 83557 | Depths:5 | Lost mutation: Your mind is acute. (Int +2) [potion of
                  | mutation]
 83557 | Depths:5 | Lost mutation: You tend to lose your temper in combat.
                  | [potion of mutation]
 83557 | Depths:5 | Gained mutation: A frigid envelope surrounds you and
                  | freezes all who hurt you. [potion of mutation]
 83557 | Depths:5 | Gained mutation: You are partially covered in iridescent
                  | scales. (AC +2) [potion of mutation]
 84043 | Vaults:3 | Bought a potion of mutation for 216 gold pieces
 84807 | D:5      | Bought a potion of mutation for 168 gold pieces
 84807 | D:5      | Bought a scroll of immolation for 73 gold pieces
 85403 | Depths:5 | Voluntarily entered the Abyss.
 85482 | Abyss:1  | Found a corrupted altar of Lugonu.
 85580 | Abyss:2  | Found a stormy altar of Qazlal.
 85717 | Abyss:4  | Got an abyssal rune of Zot
 85752 | Depths:5 | Escaped the Abyss
 85986 | D:13     | Acquired a +2 tower shield of protection
 86446 | Dis:1    | Entered Level 1 of the Iron City of Dis
 87797 | Dis:3    | You are sucked into a shaft and drop 2 floors!
 88179 | Dis:7    | Entered Level 7 of the Iron City of Dis
 88237 | Dis:7    | Reached skill level 15 in Air Magic
 88454 | Dis:7    | Killed from afar by a Hell Sentinel

Illustrated notes

Levels and vault maps discovered:
D:1:      eino_arrival_cavern_a, layout_basic, lexackson_kobold_supper
D:2:      layout_loops_ring, shapermc_ecumenical_altar_mp_highgroup
D:3:      minmay_angry_zag, layout_loops_corners, uniq_natasha, uniq_jessica,
          uniq_grinder
D:4:      layout_cave_pools, serial_shops, nicolae_shop_statue_plus,
          kennysheep_generic_room_6
D:5:      layout_basic, minmay_temple_entry_tees, serial_shops, shop,
          nicolae_shop_overgrown_old_shop,
          nicolae_shop_competitors_out_of_business, nicolae_diamond_shop,
          roderic_three_in_a_row, uniq_eustachio
D:6:      minmay_chambers_of_threes, layout_loops_cross,
          mainiacjoe_overflow_small_starburst, chequers_serial_rivers_micro_a
D:7:      layout_basic, lemuel_tele_altar, david_defended_altar_orc,
          uniq_menkaure
D:8:      layout_basic, nicolae_take_the_stairs, nicolae_blasting_shop
D:9:      layout_grid_maze, mainiacjoe_overflow_catwalk,
          nicolae_yredelemnul_corpse_copse, orc_david_3, uniq_harold
D:10:     layout_cave_pods, due_lair_maze_entry_diamond, nzn_ghost_randoct,
          minmay_lizard_king, uniq_josephine, uniq_maggie
D:11:     layout_irregular_city
D:12:     layout_basic, uniq_maurice
D:13:     layout_loops_corners, enter_bailey_5
D:14:     layout_rooms, david_vaults_5, serial_undead, serial_undead_e,
          serial_undead_b, serial_undead_d, serial_undead_f, serial_undead_d,
          uniq_kirke
D:15:     grunt_enter_depths_hoard, layout_long_grid,
          nicolae_shop_overcharged_wands, uniq_jorgrun
Temple:   dpeg_five_rooms_temple
Lair:1:   layout_chaotic_city, portal_ice_cave_entry_pillars_1,
          gauntlet_entry_generic
Lair:2:   layout_chaotic_city, gammafunk_ghost_cemetery, lemuel_fruit_tree,
          uniq_nergalle, uniq_prince_ribbit2
Lair:3:   layout_concentric_octagons, elwin_shoals_entry_stream,
          dummy_spider_entry
Lair:4:   layout_misc_corridors
Lair:5:   layout_cave_pods, slime_altar_2, lookout_lair_type,
          beast_lair_carwin_1, uniq_urug
Lair:6:   minmay_lair_end_frog_pond, layout_gridlike, serial_bayou_lagoon_b
Shoals:1: layout_shoals
Shoals:2: layout_shoals, amcnicky_altar_lugonu_corruption
Shoals:3: layout_shoals, nicolae_shoals_secluded_bog
Shoals:4: shoals_end_hangedman, layout_shoals, shoals_ilsuiw_alternative,
          serial_shops, nicolae_square_shop, nicolae_shop_statue_plus,
          nicolae_shoals_seven_spires
Spider:1: layout_spider_delve
Spider:2: layout_chambers, nicolae_spider_shape, uniq_donald
Spider:3: layout_spider_delve, spiders_nest_ghost_moth_duel
Spider:4: floodkiller_spider_rune_tomb, hangedman_spider_mandibles, uniq_arachne
Slime:1:  layout_caves
Slime:2:  layout_caves, nicolae_slime_welcoming_committee
Slime:3:  layout_caves
Slime:4:  layout_caves
Slime:5
Orc:1:    layout_diamond_mine, serial_shops, shop, mines_bat_river
Orc:2:    st_orc_rangers, layout_caves, serial_shops, nicolae_square_shop,
          elves_outpost_lemuel, uniq_sonja, uniq_erolcha
Elf:1:    minmay_elf_arrival_summoners, layout_loops_cross,
          hangedman_elf_disciples, einodemon_barbed_minivault, uniq_agnes
Elf:2:    nicolae_elf_blades_crystal_corner, layout_gridlike,
          trove_entry_hex_spiral, serial_shops, nicolae_lakefront_shop
Elf:3:    grunt_elf_hall_diamonds, layout_loops_cross, uniq_louise
Vaults:1: vaults_room_grid, v_alt_pattern_3, v_misc_2, ontoclasm_vaults_gateway,
          v_misc_12, ontoclasm_vaults_twist, grunt_vaults_hallway_long,
          v_misc_32, grunt_vaults_bifocal, vaults_room_door_hall,
          layout_vaults_omnigrid, serial_shops, nicolae_lakefront_shop,
          uniq_nikola
Vaults:2: minmay_crypt_entry_simple_walls, vaults_mumra_minichess,
          vaults_room_ringed_pool, hangedman_vaults_pinch,
          grunt_vaults_trifunnel, nicolae_vaults_little_squares_2,
          nicolae_vaults_branching_niches, v_alt_pattern_5, v_pattern_1,
          ontoclasm_vaults_spin, ontoclasm_vaults_loading_screen,
          vaults_dpeg_diagonal, layout_vaults_big_cross
Vaults:3: hangedman_vaults_stream, hangedman_vaults_unwind,
          nicolae_vaults_windows_and_doors_thing, hangedman_vaults_maws,
          st_star, v_rooms_5, vaults_room_corners, vaults_room_fancy_cross,
          layout_vaults_omnibox, serial_shops, nicolae_shop_statue_plus, shop,
          uniq_xtahua, uniq_mennas
Vaults:4: grunt_vaults_twisty, v_misc_30, nicolae_vaults_what_the_h,
          v_alt_pattern_6, v_misc_12, vaults_room_pool,
          vaults_room_stairs_pillars, layout_vaults_big_room, uniq_jory
Vaults:5: serial_shops
Crypt:1:  layout_gridlike, serial_glass, glass_columns_c, glass_columns_c,
          st_stairs_10, skrybe_necro_troll_2, grunt_crypt_arrival_split,
          uniq_mara, uniq_khufu
Crypt:2:  layout_misc_corridors, nrook_guardian_serpent_ordinary,
          grunt_megastairs_1
Crypt:3:  lightli_unholy_cathedral, layout_chaotic_city,
          tomb_entry_pyramid_bobbens, gammafunk_ghost_spectres,
          hangedman_summoners_spam
Depths:1: layout_cave_pools, enter_ziggurat_d, abyss_entry,
          trog_three_pillars_becter, gammafunk_ghost_split, hell_entry,
          minmay_stone_trees_medium, nrook_uturn, slow_altar_1
Depths:2: gammafunk_depths_water_palace, layout_gridlike, minmay_crystal_water,
          minmay_room_of_horrors, hell_entry, hangedman_abyss_or_decor_stabs,
          evilmike_minifort, firewood_loft, uniq_aizul
Depths:3: cheibrodos_birdhouse, layout_cave_pools, pan_entry,
          gammafunk_ghost_abyssal_escape, hell_entry,
          abyss_entry_small_statue_room, nicolae_benzene_ring,
          dancing_weapons_uskayaw, infiniplex_staircase_zigzag_1,
          serial_bayou_shore_b, serial_bayou_shore_b
Depths:4: lemuel_traditional_vault, layout_gridlike, nicolae_twisting_strands,
          grunt_pan_entry_in_and_out, pf_coc_iceberg, serial_shops,
          bzr_entry_dummy, shop_fountains, nicolae_shop_window_shopping,
          abyss_entry, serial_bayou_pond_a, minmay_staircase_windowed_small
Depths:5: evilmike_zot_entry_castle, layout_cave_shapes, abyss_entry_glasseish,
          hangedman_tar_grid_catacomb, serial_bayou_pond_c, tso_metal_star,
          uniq_margery
Hell
Dis:1:    layout_gridville
Dis:2:    layout_gridville
Dis:3:    layout_jigsaw, grunt_megastairs_4
Dis:5:    layout_subdivisions
Dis:6:    layout_jigsaw
Dis:7:    iron_city_of_dis [dis_grunt, dis_wall_6], layout_chaotic_city
Geh:1:    layout_gehenna_pools_triple, lemuel_hellion_isle
Geh:2:    layout_gehenna_pools_box, nicolae_geh_single_fiery_grave
Geh:3:    layout_gehenna_pools_box
Geh:6:    layout_gehenna_pools_box
Geh:7:    geh_grunt_pentagon
Zot:1:    layout_basic, grunt_megastairs_2, uniq_tiamat
Zot:2:    layout_concentric_octagons
Zot:3:    kennysheep_bubbly, layout_basic
Zot:4:    gammafunk_dig_for_victory, layout_misc_corridors,
          st_small_dragon_hoard_5

Skill      XL: |  1  2  3  4  5  6  7  8  9 10 11 12 13 14 15 16 17 18 19 20 21 22 23 24 25 26 27 |
---------------+----------------------------------------------------------------------------------+-----
Ice Magic      | 5 6 8 9 10 11 12 16 18 20 22 23 25 | 25.5
Armour         | 6 10 11 12 19 | 19.0
Invocations    | 4 8 10 | 10.0
Conjurations   | 4 8 10 11 20 | 20.2
Air Magic      | 3 6 10 11 15 | 15.4
Spellcasting   | 3 10 11 12 13 15 | 15.0
Dodging        | 9 10 12 18 | 18.0
Shields        | 7 10 15 23 | 23.6
Fighting       | 1 10 20 | 20.8
Maces & Flails | 3 |  3.5
Axes           | 8 14 17 | 17.8
Evocations     | 12 | 12.0
Stealth        | |  2.1

Action                   |  1- 3 |  4- 6 |  7- 9 | 10-12 | 13-15 | 16-18 | 19-21 | 22-24 | 25-27 || total
-------------------------+-------+-------+-------+-------+-------+-------+-------+-------+-------++-------
Melee: Club              |    11 |       |       |       |       |       |       |       |       ||    11
       Morningstar       |       |    43 |     9 |       |       |       |       |       |       ||    52
       Glaive            |       |       |    84 |   225 |   353 |   541 |   557 |    79 |       ||  1839
       Eveningstar       |       |       |       |       |       |       |       |   296 |       ||   296
       Broad axe         |       |       |       |       |       |       |       |   281 |  6432 ||  6713
 Fire: Hunting sling     |       |       |       |       |    40 |       |       |       |       ||    40
Throw: Throwing net      |       |       |       |       |       |       |     2 |     6 |       ||     8
 Cast: Freeze            |    49 |    25 |     2 |       |     3 |     3 |       |       |       ||    82
       Frozen Ramparts   |       |     7 |     9 |    32 |    46 |    34 |    54 |    32 |    39 ||   253
       Ozocubu's Armour  |       |     1 |     2 |    10 |    23 |    13 |    11 |     8 |    25 ||    93
       Freezing Cloud    |       |       |       |     3 |    64 |    64 |    91 |    86 |    36 ||   344
       Ozocubu's Refrige |       |       |       |       |       |     4 |    19 |    23 |    72 ||   118
       Polar Vortex      |       |       |       |       |       |       |       |    19 |   134 ||   153
       Metabolic Englaci |       |       |       |       |       |       |       |       |     2 ||     2
       Orb of Destructio |       |       |       |       |       |       |       |       |     1 ||     1
Invok: Elemental Force   |       |       |       |       |       |     2 |       |     1 |     2 ||     5
       Disaster Area     |       |       |       |       |       |     1 |       |       |     4 ||     5
Evoke: Wand              |       |       |       |       |       |       |     5 |       |    12 ||    17
       Phantom mirror    |       |       |       |       |       |       |     1 |       |       ||     1
       Horn of Geryon    |       |       |       |       |       |       |       |       |     1 ||     1
  Use: Scroll            |       |     7 |     7 |     7 |    11 |     5 |    17 |    11 |    18 ||    83
       Potion            |       |     2 |       |       |     4 |     6 |     1 |    14 |    17 ||    44
 Stab: Sleeping          |       |     2 |     5 |       |       |       |       |       |       ||     7
       Distracted        |       |       |     2 |       |       |     3 |     1 |     4 |     1 ||    11
Armor: Robe              |    13 |    23 |     7 |       |       |       |       |       |       ||    43
       Ring mail         |       |       |    18 |   110 |   118 |       |       |       |       ||   246
       Chain mail        |       |       |       |       |   123 |       |       |       |       ||   123
       Leather armour    |       |       |       |       |   114 |   520 |   443 |   370 |   436 ||  1883
       Acid dragon scale |       |       |       |       |       |       |       |       |  1176 ||  1176
Dodge: Dodged            |    18 |    42 |    25 |    91 |   384 |   485 |   483 |   373 |  2031 ||  3932
       Repelled          |       |       |       |     1 |     6 |     6 |    24 |    18 |    91 ||   146
Block: Other             |       |       |     1 |    35 |   225 |   281 |   258 |    32 |       ||   832
       Kite shield       |       |       |       |       |       |       |       |   836 |  6373 ||  7209
       Buckler           |       |       |       |       |       |       |       |    48 |       ||    48
       Reflection        |       |       |       |       |       |       |       |    72 |    96 ||   168
